 Dungeon Crawl Stone Soup version 0.27-a0-1036-g8e1b44f6bd (webtiles) character file.

Game seed: 12087897100515491073

170 porpoise the Magician (level 5, -5/40 HPs)
             Began as a Djinni Venom Mage on Apr 19, 2021.
             Killed from afar by Blork the orc (19 damage)
             ... with a puff of frost
             ... on level 4 of the Dungeon.
             The game lasted 00:08:35 (2465 turns).

porpoise the Magician (Djinni Venom Mage)           Turns: 2465, Time: 00:08:35

Health: -5/40      AC:  3    Str: 13    XL:     5   Next: 51%
Gold:   148        EV: 16    Int: 18    God:
                   SH:  0    Dex: 13

rFire    + + .     SeeInvis .   a - +0 hand axe
rCold    x . .     Faith    .   (no shield)
rNeg     . . .     Spirit   .   h - +0 robe
rPois    ∞         Reflect  .   (no helmet)
rElec    .         Harm     .   (no cloak)
rCorr    .         Rampage  .   c - +0 pair of gloves
Will     .....                  (boots unavailable)
Stlth    ++........             (no amulet)
HPRegen  0.13/turn              e - +6 ring of strength
MPRegen  0.00/turn              j - +4 ring of evasion

@: flying
A: fire resistance 2, cold vulnerability 1, float, innate caster, hp casting,
extra vitality 1
a: no special abilities


You were on level 4 of the Dungeon.
You visited 1 branch of the dungeon, and saw 4 of its levels.

You collected 148 gold pieces.

Inventory:

Hand Weapons
 a - a +0 hand axe (weapon)
Missiles
 d - 57 arrows
 g - 123 stones (quivered)
 i - 4 poisoned darts
 l - 26 sling bullets
Armour
 c - a +0 pair of gloves (worn)
 h - a +0 robe (worn)
 p - a +0 buckler
Jewellery
 e - a +6 ring of strength (left hand)
 j - a +4 ring of evasion (right hand)
Scrolls
 k - a scroll of fog {unknown}
 m - a scroll of enchant armour {unknown}
 o - a scroll of amnesia {unknown}
 q - a scroll of summoning {unknown}
Potions
 b - 2 potions of heal wounds {unknown}
 f - 2 potions of mutation {unknown}
 n - 3 potions of haste {unknown}
 r - a potion of curing {unknown}


   Skills:
 + Level 3.4 Fighting
 - Level 2.1 Dodging
 - Level 1.5 Stealth
 + Level 4.0 Spellcasting


You couldn't memorise any spells.
You knew the following spells:

 Your Spells              Type           Power      Damage    Failure   Level
a - Sting                 Tmut/Pois      72%        1d6       2%          1
h - Ensorcelled Hibernat  Hex/Ice        36%        N/A       4%          2
i - Ignite Poison         Fire/Tmut/Pois 18%        N/A       9%          3
m - Mephitic Cloud        Conj/Pois/Air  18%        N/A       9%          3
n - Pain                  Necr           72%        1d7       2%          1
o - Olgreb's Toxic Radia  Pois           18%        N/A       26%         4
v - Poisonous Vapours     Pois/Air       36%        N/A       4%          2
Your spell library was empty.

Dungeon Overview and Level Annotations

Branches:
Dungeon (4/15)
 Temple: D:4-7

Altars:

Annotations:
D:4 Blork the orc


Innate Abilities, Weirdness & Mutations

You are immune to poison.
Your flesh is very heat resistant. (rF++)
You are vulnerable to cold. (rC-)
You float through the air rather than walking.
You learn spells naturally, not from books.
Your magical power is your life essence.
You have superior vitality. (+4 HP)


Message History

The water moccasin skeleton barely misses you.
The orc barely misses you.
Casting: Poisonous Vapours (safe; 4% risk of failure)
Confirm with . or Enter, or press ? or * to list all spells.
The spell is quite dangerous to cast (28% risk of failure)!
Continue anyway?
You begin to radiate toxic energy.
Blork the orc is poisoned.
The orc is poisoned.
The orc shouts!
The orc is poisoned.
The orc wizard is poisoned.
The orc is poisoned. x2
The orc looks even sicker. x2
The water moccasin skeleton barely misses you.
The orc hits you but does no damage.
Casting: Olgreb's Toxic Radiance (quite dangerous; 28% risk of failure)
Confirm with . or Enter, or press ? or * to list all spells.
You ignite the poison in your surroundings!
The orc seems to burn from within!!
You kill the orc!
The orc seems to burn from within!
You kill the orc!
The orc seems to burn from within!
You kill the orc!
Blork the orc seems to burn from within!
Blork the orc is heavily wounded.
The orc wizard seems to burn from within!
You kill the orc wizard!
The orc seems to burn from within!!
You kill the orc!
Blork the orc is poisoned.
Your toxic aura wanes.
The water moccasin skeleton bites you.
Your Spellcasting skill increases to level 4!
Casting: Ignite Poison (dangerous; 9% risk of failure)
Confirm with . or Enter, or press ? or * to list all spells.
You ignite the poison in your surroundings!
Blork the orc seems to burn from within!
Blork the orc is almost dead.
The water moccasin skeleton bites you.
Blork the orc points at you and mumbles some strange words.
The puff of frost hits you!!
You feel a terrible chill!
You die...

....... .......
...... . #....
## ..
###....#.###...
....#........
#..Z.).#
#.)@..#
......))..#
..........#
.....o......
##.)......##.
#.)....#... ..
#...... .... .
...#... .....


You could see Blork the orc and a water moccasin skeleton.

Vanquished Creatures
  A centaur skeleton (D:2)
  An orc wizard (D:4)
  3 gnolls (D:3)
  3 adders
  2 dart slugs
  9 orcs
  5 ball pythons
  6 endoplasms
  A giant cockroach (D:2)
  3 goblins
  3 hobgoblins
  A quokka (D:1)
  8 bats
  5 frilled lizards
  2 rats (D:1)
53 creatures vanquished.

Notes
Turn   | Place    | Note
-------+----------+-------------------------------------------
     0 | D:1      | porpoise the Djinni Venom Mage began the quest for the Orb.
     0 | D:1      | Reached XP level 1. HP: 15/15 MP: 0/0
   298 | D:1      | Reached skill level 1 in Fighting
   298 | D:1      | Reached XP level 2. HP: 18/22 MP: 0/0
   377 | D:1      | Reached skill level 3 in Spellcasting
  1019 | D:2      | Reached XP level 3. HP: 24/28 MP: 0/0
  1019 | D:2      | Learned a level 1 spell: Pain
  1159 | D:2      | Reached XP level 4. HP: 12/34 MP: 0/0
  1531 | D:2      | Found a faded altar of an unknown god.
  2062 | D:3      | Reached XP level 5. HP: 19/40 MP: 0/0
  2062 | D:3      | Learned a level 2 spell: Ensorcelled Hibernation
  2461 | D:4      | Noticed Blork the orc
  2465 | D:4      | Reached skill level 4 in Spellcasting
  2465 | D:4      | Killed from afar by Blork the orc

Illustrated notes

Levels and vault maps discovered:
D:1:      psy_arrival_basics, layout_loops_ring
D:2:      layout_basic, hellmonk_ecumenical_altar_slurped_away
D:3:      layout_basic
D:4:      layout_cave_pools, marbit_many_paths, grunt_decor_arrowhead,
          grunt_ministairs_1, uniq_blork_the_orc, uniq_menkaure, uniq_sigmund

Skill      XL: |  1  2  3  4  5 |
---------------+----------------+-----
Fighting       | 1 2 3 |  3.4
Spellcasting   | 3 4 |  4.0
Dodging        | |  2.1
Stealth        | |  1.5

Action                   |  1- 3 |  4- 6 || total
-------------------------+-------+-------++-------
Melee: Unarmed           |     5 |       ||     5
       Hand axe          |    17 |    30 ||    47
Throw: Dart              |       |     4 ||     4
       Stone             |       |     1 ||     1
 Cast: Sting             |    35 |    27 ||    62
       Ignite Poison     |       |     3 ||     3
       Mephitic Cloud    |       |     1 ||     1
       Olgreb's Toxic Ra |       |     1 ||     1
       Poisonous Vapours |       |     1 ||     1
 Stab: Sleeping          |       |     3 ||     3
Armor: Robe              |    15 |    10 ||    25
Dodge: Dodged            |    33 |    26 ||    59

Table legend: (Time is in decaauts)
 A = Elapsed time spent in this place.
 B = Non-inter-level travel time spent in this place.
 C = Inter-level travel time spent in this place.
 D = Time resting spent in this place.
 E = Time spent auto-exploring this place.
 F = Levels seen in this place.
 G = Mean time per level.
                   A        B        C        D        E       F      G
               +--------+--------+--------+--------+--------+-----+--------+
         Total |   2476 |   2418 |     58 |   1059 |   1007 |   4 |  619.0 |
       Dungeon |   2476 |   2418 |     58 |   1059 |   1007 |   4 |  619.0 |
               +--------+--------+--------+--------+--------+-----+--------+

Top non-repeatable levels by time:
     D:1: 1012 daAuts
     D:2: 726 daAuts
     D:3: 725 daAuts
     D:4: 12 daAuts
